 Dungeon Crawl Stone Soup version 0.29-a0-356-g7bc237e783 (webtiles) character file.

Game seed: 6943257459183068455

9 zeratav the Conjurer (level 2, -2/17 HPs)
             Began as an Octopode Conjurer on Apr 26, 2022.
             Slain by a kobold
             ... wielding a +0 dagger
              (3 damage)
             ... on level 1 of the Dungeon.
             The game lasted 00:00:58 (169 turns).

zeratav the Conjurer (Octopode Conjurer)             Turns: 169, Time: 00:00:59

Health: -2/17      AC:  1    Str:  6    XL:     2   Next: 12%
Magic:  4/5        EV: 13    Int: 20    God:
Gold:   0          SH:  0    Dex: 10    Spells: 4/5 levels left

rFire   . . .      SeeInvis .   c - +2 spear (pain) {polearm}
rCold   . . .      Faith    .   (no shield)
rNeg    . . .      Spirit   .   (helmet restricted)
rPois   .          Reflect  .   (no amulet)
rElec   .          Harm     .   (no ring)
rCorr   .          Rampage  .   (no ring)
Will    .....                   (no ring)
Stlth   +++.......              (no ring)
HPRegen 0.05/turn               (no ring)
MPRegen 0.09/turn               (no ring)
                                (no ring)
                                (no ring)

@: no status effects
A: almost no armour, amphibious, 8 rings, camouflage 1, gelatinous body 1,
(nimble swimmer 1), tentacles
a: no special abilities


You were on level 1 of the Dungeon.
You visited 1 branch of the dungeon, and saw 1 of its levels.


Innate Abilities, Weirdness & Mutations

You cannot wear most types of armour.
You are amphibious.
You can wear up to eight rings at the same time.
Your skin changes colour to match your surroundings (Stealth+).
Your rubbery body absorbs attacks. (AC +1, EV +1)
((You are camouflaged when in or above water. (Stealth+)))
You have tentacles for arms and can constrict up to eight enemies at once.


   Skills:
 - Level 2.0 Dodging
 - Level 2.6 Stealth
 + Level 2.1 Spellcasting
 * Level 4.2 Conjurations
 + Level 0.5 Translocations


You had 4 spell levels left.
You knew the following spells:

 Your Spells              Type           Power      Damage    Failure   Level
a - Magic Dart            Conj           76%        1d6       2%          1

Your spell library contained the following spells:

 Spells                   Type           Power      Damage    Failure   Level
 Searing Ray              Conj           38%        2d5       4%          2
 Dazzling Flash           Conj/Hex       20%        N/A       19%         3
 Iskenderun's Mystic Bla  Conj/Tloc      11%        2d4       50%         4
 Fulminant Prism          Conj/Hex       5%         3d7       54%         4
 Agony                    Necr           2%         N/A       99%         5
 Silence                  Hex/Air        1%         N/A       99%         5

Inventory:

Hand Weapons
 c - a +2 spear of pain (weapon) {polearm}
   (You found it on level 1 of the Dungeon)
Scrolls
 b - a scroll of identify {unknown}
Potions
 a - a potion of magic

Dungeon Overview and Level Annotations

Branches:
Dungeon (1/15)

Altars:

#### ...### #.... .
.... ... ## #.†#
....#.#### #..#
......)#.########..#
..........K@.......#
.......#.#########.#
....#.####.........#
... ## #.#####.####
. #.# #.# #.# #.#
#.# #.# #.# #.#


You could see a kobold.


Message History

The kobold moves out of view.
The kobold shouts!
A bat comes into view.
A goblin comes into view. It is wielding a +0 dagger.
A goblin comes into view. It is wielding a +0 dagger.
MP[+1]
A bat comes into view.
The goblin shouts!
You hear an angry hiss.
You reach to attack!
You miss the kobold.
The ball python hisses angrily.
You hit the kobold but do no damage. Your grab misses the kobold.
The bat hits you. The kobold hits you with a +0 dagger.
HP[-3]
You take 3 damage, and now have 8/11 hp.
MASSIVE DAMAGE!! (PAUSE)
You are too injured to fight recklessly!
You are too injured to fight recklessly!
You are too injured to fight recklessly!
You are too injured to fight recklessly!
You are too injured to fight recklessly!
You are too injured to fight recklessly!
You are too injured to fight recklessly!
You are too injured to fight recklessly!
You are too injured to fight recklessly!
You are too injured to fight recklessly!
You are too injured to fight recklessly!
You are too injured to fight recklessly!
You are too injured to fight recklessly!
You are too injured to fight recklessly!
You are too injured to fight recklessly!
You are too injured to fight recklessly!
You are too injured to fight recklessly!
You are too injured to fight recklessly!
You are too injured to fight recklessly!
The bat hits you.
HP[-1]
You take 1 damage, and now have 7/11 hp.
The bat attacks as you move away! The bat barely misses you.
The bat closely misses you.
A ball python comes into view.
The bat hits you but does no damage. The bat misses you.
The bat hits you but does no damage.
You closely miss the bat.
The ball python hisses angrily.
Your grab misses the bat. The bat misses you. The bat completely misses you.
The bat misses you.
You miss the bat. Your grab misses the bat.
The bat hits you but does no damage. The bat hits you.
HP[-1]
You take 1 damage, and now have 6/11 hp.
You closely miss the bat. You grab the bat. You constrict the bat.
The bat hits you.
* * * LOW HITPOINT WARNING * * *
The bat hits you.
* * * LOW HITPOINT WARNING * * *
HP[-2]
You take 2 damage, and now have 4/11 hp.
You hit the bat.
You kill the bat!
You hit the goblin.
You kill the goblin!
MP[+1]
You closely miss the ball python. You grab the ball python.
You squeeze the ball python.
You kill the ball python!
The bat completely misses you.
You are too injured to fight recklessly!
You are too injured to fight recklessly!
You are too injured to fight recklessly!
You hit the bat. Your grab misses the bat. The bat barely misses you.
The bat closely misses you.
You barely miss the bat. Your grab misses the bat.
The bat hits you but does no damage. x2
You barely miss the bat. You grab the bat. You constrict the bat.
You kill the bat!
You have reached level 2!
HP[+3] MP[+1]
You now have 17 max hp (+6).
You regained 3 hp, and now have 7/17 hp.
You hit the ball python.
You kill the ball python!
You closely miss the goblin. Your grab misses the goblin.
The goblin hits you with a +0 dagger.
* * * LOW HITPOINT WARNING * * *
HP[-3]
You take 3 damage, and now have 4/17 hp.
You hit the goblin. Your grab misses the goblin.
The goblin hits you with a +0 dagger.
* * * LOW HITPOINT WARNING * * *
HP[-3]
You take 3 damage, and now have 1/17 hp.
You hit the goblin.
You kill the goblin!
The kobold barely misses you.
You closely miss the kobold. You grab the kobold.
You constrict the kobold, but do no damage.
The kobold barely misses you.
You hit the kobold. You constrict the kobold.
The kobold hits you with a +0 dagger.
You die...

Action                   || total
-------------------------++-------
Melee: Spear             ||    17
       Constrict         ||     4
       Tentacles         ||     1
 Cast: Magic Dart        ||     6
Armor: Skin              ||     5
Dodge: Dodged            ||    11

Levels and vault maps discovered:
D:1:      heliophobic_arrival_glass_houses, layout_loops_ring, serial_shops,
          nicolae_shop_window_shopping, nicolae_figureground_sparkle

Notes
Turn   | Place    | Note
-------+----------+-------------------------------------------
     0 | D:1      | zeratav the Octopode Conjurer began the quest for the Orb.
     0 | D:1      | Reached XP level 1. HP: 11/11 MP: 3/3
     0 | D:1      | magus.rc [v1.9.6]
    38 | D:1      | You pick up a book of the Senses and begin reading...
    38 | D:1      | You add the spells Agony and Silence to your library.
   164 | D:1      | Reached XP level 2. HP: 7/17 MP: 3/5
   165 | D:1      | HP: 4/17 [goblin/+0 dagger (3)]
   166 | D:1      | HP: 1/17 [goblin/+0 dagger (3)]
   169 | D:1      | Slain by a kobold

Vanquished Creatures
  2 goblins (D:1)
  A hobgoblin (D:1)
  3 ball pythons (D:1)
  2 bats (D:1)
  A kobold (D:1)
  A rat (D:1)
10 creatures vanquished.

Table legend:
 A = Non-vault XP
 B = Vault XP
 C = Vault XP percentage of total XP
 D = Non-vault monster count
 E = Vault monster count
 F = Vault count percentage of total count
                 A         B        C        D         E       F
            +---------+---------+-------+---------+---------+-------
      Total |      13 |       0 |   0.0 |      10 |       0 |   0.0
            +---------+---------+-------+---------+---------+-------
        D:1 |      13 |       0 |   0.0 |      10 |       0 |   0.0
            +---------+---------+-------+---------+---------+-------

Illustrated notes

Table legend:
 A = Kills in this place as a percentage of kills in entire the game.
 B = Kills by you in this place as a percentage of kills by you in the entire game.
 C = Kills by friends in this place as a percentage of kills by friends in the entire game.
 D = Other kills in this place as a percentage of other kills in the entire game.
 E = Experience gained in this place as a percentage of experience gained in the entire game.
 F = Experience gained in this place divided by the number of levels of this place that you have seen.
                   A       B       C       D       E      F
               +-------+-------+-------+-------+-------+----------------------
         Total | 100.0 | 100.0 |   N/A |   N/A | 100.0 |  13.0
       Dungeon | 100.0 | 100.0 |   N/A |   N/A | 100.0 |  13.0
               +-------+-------+-------+-------+-------+----------------------

Table legend: (Time is in decaauts)
 A = Elapsed time spent in this place.
 B = Non-inter-level travel time spent in this place.
 C = Inter-level travel time spent in this place.
 D = Time resting spent in this place.
 E = Time spent auto-exploring this place.
 F = Levels seen in this place.
 G = Mean time per level.
                   A        B        C        D        E       F      G
               +--------+--------+--------+--------+--------+-----+--------+
         Total |    170 |    170 |      0 |      0 |    125 |   1 |  170.0 |
       Dungeon |    170 |    170 |      0 |      0 |    125 |   1 |  170.0 |
               +--------+--------+--------+--------+--------+-----+--------+

Top non-repeatable levels by time:
     D:1: 170 daAuts
